[Event "*** Titled Tuesday Blitz"]
[Site "Chess.com"]
[Date "2019.05.07"]
[Round "10"]
[White "Chessialist"]
[Black "ilm2034"]
[Result "1-0"]
[WhiteElo "2579"]
[BlackElo "2390"]
[TimeControl "180+2"]
[EndTime "15:26:56 PDT"]
[Termination "Chessialist won by checkmate"]

1. e4 c5 2. Nf3 Nc6 3. d4 cxd4 4.
Nxd4 e5 5. Nb5 d6 6. N1c3 a6 7. Na3 b5 8. Nd5 Be7 9. c4 b4 10. Nc2 a5 11. Bd3 Nf6 12. O-O O-O 13. b3 Be6 14. Be3 Nd7 15. Qe2 f5 16. exf5 Bxf5 17.
Bxf5 Rxf5 18. Qg4 Rf7 19. Rad1 Bf8 20. Qe6 Nf6 21. Bb6 Qe8 22. Nxf6+ gxf6 23. Qxe8 Rxe8 24.
Ne3 Rb7 25. Nd5 Kf7 26. Be3 a4 27. f4 e4 28. f5 Ra8 29. Nb6 Rxb6 30. Bxb6 axb3 31.
axb3 Ra3 32. Rb1 Bh6 33. Rfe1 Ne7 34. g4 d5 35. Bc5 dxc4 36. Bxb4 Ra2 37. Bxe7 Kxe7 38.
Rxe4+ Kd6 39. Rd1+ Kc5 40. Rxc4+ Kb5 41. Rd5+ Kb6 42. Rd6+ Kb5 43. Rxf6 Be3+ 44. Kh1 h5 45. gxh5 Rb2 46. Rc8 Bf4 47. h6 Rxh2+ 48. Kg1 Rh5 49.
Kg2 Bxh6 50. Rf7 Bd2 51. Kf3 Rh4 52. Rb7+ Ka6 53. Rcb8 Rf4+ 54. Ke2 Ba5 55. b4 Bd8 56. b5+ Ka5 57. Rxd8 Rxf5 58. Ra8+ Kb4 59. b6 Kb5 60. Rab8 Re5+ 61. Kd3 Rd5+ 62. Ke4 Rd1 63. Rf7 Re1+ 64. Kd5 Rd1+ 65. Ke6 Re1+ 66. Kd7 Rd1+ 67. Kc8 Ka6 68. Ra7+ Kb5 69. Ra2 Rc1+ 70. Kb7 Rh1 71. Rb2+ Kc5 72. Rc8+ Kd6 73. Rd2+ Ke7 74. Kb8 Rb1 75. b7 Kf7 76. Rc7+ Kf8 77. Rd8# 1-0

[Event "*** Titled Tuesday Blitz"]
[Site "Chess.com"]
[Date "2019.05.07"]
[Round "10"]
[White "Veiso"]
[Black "NateSolon"]
[Result "0-1"]
[WhiteElo "2380"]
[BlackElo "2506"]
[TimeControl "180+2"]
[EndTime "15:26:57 PDT"]
[Termination "NateSolon won by checkmate"]

1. d4 d5 2. c4 dxc4 3. e4 b5 4. a4 c6 5. b3 e5 6. axb5 cxb5 7.
bxc4 Bb4+ 8. Bd2 Qxd4 9. Bxb4 Qxa1 10. cxb5 Bb7 11. Bd3 Nd7 12. Qb3 Rc8 13. Ne2 Nc5 14.
Qc4 Nxe4 15. Qb3 Ngf6 16. O-O Bd5 17. Qd1 Nc5 18. Bf5 Be6 19. Bxe6 fxe6 20. Qd6 Nfd7 21. Nec3 Qb2 22. Ba3 Qc2 23. Rd1 Rf8 24. Rd2 Qf5 25.
f3 Kf7 26. Ne4 Kg8 27. Nxc5 Nxc5 28. Bxc5 Qxb1+ 29. Rd1 Qxb5 30. Qxe6+ Kh8 31. Bxf8 Rxf8 32. Qd5 Qb6+ 33. Kf1 Re8 34. Qd7 Rf8 35. Qe7 Qf6 36. Qxf6 gxf6 37. Rd7 Ra8 38. Ke2 Kg8 39. Kd2 a5 40.
Kc2 Rb8 41. Ra7 Rb5 42. h4 h5 43. Kc3 Rc5+ 44. Kb3 Rd5 45. Kc3 Rd4 46. Rxa5 Rxh4 47. Ra7 Rh2 48. g4 hxg4 49. fxg4 Rg2 50. Ra4 Rg3+ 51.
Kd2 Kg7 52. Ke2 Kg6 53. Kf2 Rb3 54. Rc4 Kg5 55. Kg2 Rd3 56. Kf2 Rd4 57. Rc8 Rxg4 58.
Ke3 Rg3+ 59. Ke4 Rg4+ 60. Ke3 Ra4 61. Rh8 Kf5 62. Rh5+ Ke6 63. Rh8 Ra3+ 64. Ke2 f5 65. Re8+ Kd5 66. Rb8 f4 67. Rb4 Ke6 68. Rb8 Kf5 69.
Rb7 Ra2+ 70. Ke1 e4 71. Rb5+ Kg4 72. Rb8 e3 73. Rh8 Kf3 74. Rh3+ Ke4 75. Rh8 Ra1+ 76. Ke2 f3# 0-1

[Event "*** Titled Tuesday Blitz"]
[Site "Chess.com"]
[Date "2019.05.07"]
[Round "10"]
[White "vovachesss"]
[Black "ChessQueen"]
[Result "1-0"]
[WhiteElo "2557"]
[BlackElo "2635"]
[TimeControl "180+2"]
[EndTime "15:27:01 PDT"]
[Termination "vovachesss won by resignation"]

1. Nf3 Nf6 2. d4 b6 3. g3 e6 4. Bg2 Bb7 5. O-O Be7 6. c4 O-O 7. b3 d5 8. Bb2 a5 9. Nc3 Re8 10. Ne5 Nbd7 11. Rc1 Nf8 12. cxd5 exd5 13. Nb5 c5 14. dxc5 bxc5 15. Nc3 Ne6 16. Qd2 Qd6 17. Na4 Ba6 18. Rfd1 Red8 19. Qc2 Qc7 20. Qf5 Bxe2 21. Re1 Bh5 22. Bh3 d4 23. Bg2 Ra6 24. Ba3 d3 25.
Nxd3 Bg6 26. Qe5 Bd6 27. Qc3 Bxg3 28. hxg3 Rxd3 29. Qc4 Rad6 30. Nxc5 Nxc5 31. Bxc5 Rd8 32. Be7 Qxc4 33. bxc4 Rc8 34. c5 Nd5 35. Bd6 Nb4 36. Bb7 Rd8 37. c6 Nxc6 38. Rxc6 h5 39. Bf4 Ra3 40. Bc7 Rd2 41. Rd6 Rxd6 42. Bxd6 Rxa2 43. Re8+ Kh7 44. Ra8 a4 45. Kg2 Rd2 46. Bf4 Rd4 47. Bc6 Bc2 48. Ra5 Rc4 49. Bd5 Rd4 50. Bxf7 g6 51.
Be5 Be4+ 52. f3 Rd2+ 53. Kf1 Bxf3 54. Rxa4 Rd7 55. Rf4 Bg4 56. Kf2 Rd2+ 57. Ke3 Re2+ 58. Kd4 Rd2+ 59. Kc5 Rg2 60. Bd5 Rc2+ 61. Kd6 Rd2 62.
Rf8 g5 63. Kc5 Rc2+ 64. Kd4 Rd2+ 65. Kc4 Be2+ 66. Kc5 Rc2+ 67. Kb6 Bd3 68. Bf7 1-0

[Event "*** Titled Tuesday Blitz"]
[Site "Chess.com"]
[Date "2019.05.07"]
[Round "10"]
[White "GameOverBro"]
[Black "ZuchBolt"]
[Result "1-0"]
[WhiteElo "2423"]
[BlackElo "2257"]
[TimeControl "180+2"]
[EndTime "15:27:15 PDT"]
[Termination "GameOverBro won by resignation"]

1. e4 e5 2. Nf3 Nc6 3. Bc4 Bc5 4. d3 Nf6 5. Be3 Bb6 6. O-O d6 7. h3 h6 8. Nbd2 O-O 9. a4 a6 10. Re1 Re8 11. c3 Be6 12. b4 Bxe3 13. fxe3 d5 14.
exd5 Bxd5 15. e4 Bxc4 16. Nxc4 b5 17. Ne3 g6 18. Qc2 Qd6 19. Red1 Rad8 20. axb5 axb5 21. Qa2 Kg7 22. Nh4 Qe6 23. Qc2 Rd7 24. Rd2 Red8 25. Rad1 Ne7 26. Nf3 Qd6 27. Rf2 c5 28. bxc5 Qxc5 29.
Ng4 Nxe4 30. Nfxe5 Nxf2 31. Qxf2 Qxf2+ 32. Nxf2 Rd5 33. d4 f6 34. Nf3 Nf5 35. Rb1 Nd6 36. Nd3 Nc4 37. Rb4 Ra8 38. Nc5 Nd6 39. h4 Ra1+ 40. Kh2 Kf7 41. Nd2 Rd1 42. Ndb3 h5 43. Na5 g5 44.
hxg5 fxg5 45. Nc6 h4 46. Ne5+ Kg7 47. Ng4 Nf5 48. Rxb5 Ng3 49. Rb7+ Kg6 50. Rb6+ Kg7 51. Rb7+ Kg6 52. Rb6+ Kg7 53. Nf2 Rf1 54. Ncd3 Ra5 55. Kh3 Raa1 56. Kg4 Ra2 57. Rb7+ Kf6 58. Rb6+ Ke7 59. d5 Raxf2 60. Nxf2 Rxf2 61. Kxg5 Nf5 62. c4 Ne3 63. Re6+ Kd7 64. Rxe3 Rxg2+ 65. Kxh4 Rc2 66.
Re4 Kd6 67. Kg5 Kc5 68. Kf5 Rf2+ 69. Ke6 Rf8 70. Ke7 Rh8 71. Kd7 Rh7+ 72. Re7 Rh8 73. Kc7 Rh6 74. d6 1-0

[Event "*** Titled Tuesday Blitz"]
[Site "Chess.com"]
[Date "2019.05.07"]
[Round "10"]
[White "slowdumbb"]
[Black "Vamostodorecto"]
[Result "0-1"]
[WhiteElo "2357"]
[BlackElo "2417"]
[TimeControl "180+2"]
[EndTime "15:27:15 PDT"]
[Termination "Vamostodorecto won by resignation"]

1. e4 e5 2. Nf3 Nc6 3. Nc3 Nf6 4. g3 d5 5. exd5 Nxd5 6. Bg2 Nxc3 7. bxc3 Bd6 8. O-O O-O 9. d3 Bg4 10. Qe1 Qd7 11. Bb2 Bh3 12. c4 Bxg2 13. Kxg2 Rae8 14.
Qe4 Kh8 15. Qd5 Ne7 16. Nxe5 Qf5 17. Qd4 f6 18. Nf3 Nc6 19. Qc3 Re2 20. Rae1 Bb4 21.
Rxe2 Bxc3 22. Bxc3 Qc5 23. Rb1 b6 24. Bb2 Qb4 25. a3 Qa4 26. Rbe1 h6 27. h4 Kh7 28. g4 Nd8 29. g5 fxg5 30. hxg5 Qc6 31. Re4 Nf7 32.
Kg1 Nxg5 33. Nxg5+ hxg5 34. Re7 Qf3 35. Rxg7+ Kh6 36.
Re6+ Kh5 37. Rh7+ Kg4 38. Re4+ Rf4 39. Rxf4+ Qxf4 40. Re7 Qd2 41. Be5 Qxc2 42. d4 Qxc4 43. Rxc7 Qa4 44. Rc3 a5 45. Rd3 Qc4 46. Rg3+ Kf5 47.
Rf3+ Kg4 48. Rg3+ Kh5 49. Rh3+ Kg6 50. Rg3 Kf5 51. Rf3+ Ke4 52. Rg3 Kd5 53. Kg2 Qc1 54. Bf6 Kc4 55. Bxg5 Qb1 56. Bf6 Qe4+ 57. Kg1 b5 58. Bg7 Qe1+ 59. Kg2 Qe4+ 60. f3 Qe2+ 61. Kh3 b4 62. axb4 axb4 63. f4 Qf1+ 64. Kg4 b3 65. d5 Qd1+ 66. Kg5 Qxd5+ 67. f5 Qd2+ 68. Kg6 Qd6+ 69. Kf7 Qxg3 0-1

[Event "*** Titled Tuesday Blitz"]
[Site "Chess.com"]
[Date "2019.05.07"]
[Round "10"]
[White "Alopekos"]
[Black "Keithonsky"]
[Result "1-0"]
[WhiteElo "2597"]
[BlackElo "2374"]
[TimeControl "180+2"]
[EndTime "15:27:30 PDT"]
[Termination "Alopekos won by resignation"]

1. e4 c5 2. Nf3 d6 3. d4 cxd4 4. Nxd4 Nf6 5. Nc3 a6 6. Be3 e5 7. Nb3 Be6 8. f4 exf4 9. Bxf4 Nc6 10. Qd2 Qc7 11. O-O-O Ne5 12. Nd4 Rc8 13. Nxe6 fxe6 14. g3 Qb6 15. Qd4 Qxd4 16. Rxd4 Be7 17. Bh3 Kf7 18. Rf1 Rhe8 19. Bxe5 dxe5 20. Rd7 b5 21. Nd5 exd5 22. exd5 Rcd8 23. Be6+ Kg6 24. Ra7 Rd6 25. g4 h6 26. h4 e4 27. h5+ Kg5 28. Bf7 Bd8 29. Bxe8 Nxe8 30. Rf8 Nc7 31. Rxd8 Rxd8 32. Rxc7 Kxg4 33. Rxg7+ Kf3 34. Rf7+ Ke2 35. Rf5 e3 36. c3 a5 37. Kc2 a4 38. Re5 Kf2 39. Kd3 Rd6 40.
Rf5+ Kg3 41. Kxe3 Kg4 42. Ke4 Rd8 43. Re5 Rf8 44. Kd4 Rf2 45. b3 Rxa2 46. bxa4 bxa4 47.
d6 Rd2+ 48. Kc5 a3 49. Re4+ Kf5 50. Ra4 a2 51. Kc6 Ke6 52. Re4+ Kf5 53. Ra4 Ke6 54.
Re4+ Kf5 55. Re1 Rc2 56. d7 Rxc3+ 57. Kb7 Rb3+ 58. Kc8 Rb1 59. d8=Q Rxe1 60. Qd5+ Kg4 61. Qxa2 Re5 62. Qg2+ Kf4 63. Qg6 Rc5+ 64. Kd7 Rd5+ 65. Ke6 Ra5 66. Qxh6+ Kg4 67. Qg6+ Kh4 68. h6 Ra6+ 69. Kf5 Ra5+ 70. Kf6 Ra6+ 71. Kg7 Ra7+ 72.
Qf7 Ra3 73. Qe7+ 1-0

[Event "*** Titled Tuesday Blitz"]
[Site "Chess.com"]
[Date "2019.05.07"]
[Round "10"]
[White "nonscitis"]
[Black "Thjop"]
[Result "0-1"]
[WhiteElo "2558"]
[BlackElo "2576"]
[TimeControl "180+2"]
[EndTime "15:27:32 PDT"]
[Termination "Thjop won by resignation"]

1. c4 Nf6 2. Nc3 g6 3. d4 Bg7 4. e4 d6 5. Nf3 O-O 6. Be2 e5 7. O-O Nc6 8. d5 Ne7 9. b4 Ne8 10. a4 f5 11. a5 Nf6 12. Bg5 fxe4 13. Nd2 Nf5 14. Ndxe4 Nd4 15. c5 Bf5 16. Bd3 Qd7 17. Rc1 Rac8 18. c6 bxc6 19. dxc6 Qe8 20. b5 Nxe4 21. Nxe4 h6 22. Be3 Kh7 23. h4 Rb8 24. Bxd4 exd4 25. Re1 Qf7 26. f3 Rfe8 27. Qc2 Re5 28.
Rb1 Qe7 29. h5 Kh8 30. Kf1 gxh5 31. Ng3 Bxd3+ 32. Qxd3 Re8 33. Re4 d5 34. Rxe5 Qxe5 35. Ne2 h4 36. b6 axb6 37. axb6 cxb6 38. Rxb6 Qc7 39. Ra6 h3 40. gxh3 Qh2 41. Ng1 Qb2 42. c7 Qc1+ 43. Kg2 Qxc7 44. Rg6 Qf7 45. Ne2 Rxe2+ 46.
Qxe2 Qxg6+ 47. Kf1 d3 48. Qa2 Kh7 49. Qxd5 h5 50.
h4 Bf6 51. Qd7+ Kh6 52. Qd6 Bxh4 53. Qf8+ Kg5 54. Qd8+ Kf4 55. Qxh4+ Kxf3 56. Qh3+ Ke4 57. Qh4+ Ke3 58. Qh3+ Kd4 59. Qd7+ Ke3 60. Qh3+ Kd2 61. Qh2+ Kd1 62. Qh1 Qg4 63. Kf2+ Kc2 64. Qc6+ Kd1 65.
Qh1+ Kd2 66. Qe1+ Kc2 67. Qe7 Qc4 68. Qh7 h4 69. Qg6 Qf4+ 70. Kg2 Qg3+ 0-1

[Event "*** Titled Tuesday Blitz"]
[Site "Chess.com"]
[Date "2019.05.07"]
[Round "10"]
[White "stepanosinovsky"]
[Black "spicycaterpillar"]
[Result "0-1"]
[WhiteElo "2416"]
[BlackElo "2826"]
[TimeControl "180+2"]
[EndTime "15:27:36 PDT"]
[Termination "spicycaterpillar won by resignation"]

1. e4 e5 2. Nf3 Nc6 3. Bb5 Nf6 4. d3 Bc5 5. O-O O-O 6. c3 d6 7. h3 Ne7 8. d4 Bb6 9. Nbd2 Ng6 10. Bd3 c6 11.
Nc4 Bc7 12. Kh2 d5 13. Ncd2 dxe4 14. Nxe4 exd4+ 15. Kg1 Nxe4 16. Bxe4 dxc3 17. bxc3 Qxd1 18. Rxd1 Re8 19. Bd3 Nf4 20. Bxf4 Bxf4 21. Rab1 Bc7 22. Nd4 g6 23. Bf1 Kf8 24. g3 Bb6 25. a4 Ba5 26. c4 a6 27. Bg2 Bc7 28. Nb3 Ra7 29. Nd4 Rd8 30. Nb3 Rxd1+ 31. Rxd1 Be6 32. Nc5 Bxc4 33. Rd7 b6 34. Ne4 Be6 35. Rd1 h6 36.
Nf6 c5 37. Bc6 Ke7 38. Nd5+ Bxd5 39. Rxd5 Bd6 40. Kf1 Rc7 41. Ba8 Ra7 42. Bc6 Rc7 43. Ba8 c4 44. Rd2 b5 45. axb5 axb5 46. Bd5 b4 47. Rc2 c3 48. Bb3 Bc5 49. Re2+ Kf6 50. Ke1 Ra7 51. Rc2 Ra1+ 52. Ke2 g5 53. h4 gxh4 54.
gxh4 Rh1 55. Ra2 Rxh4 56. Ra6+ Kg7 57. Rc6 Rh5 58. f4 Bf8 59. Kf3 Rc5 60. Rxc5 Bxc5 61. Kg4 Bd6 62. Bc2 Kf6 63. Bb3 Bc7 64. Kf3 Bb6 65. Kg4 Be3 66. Kf3 Bd2 67. Kg4 Ke7 68.
Kf5 f6 69. Kg4 Kd6 70. Kf3 Kc5 71. Ke4 h5 72. Kd3 h4 73. Be6 Bxf4 74. Kc2 Kd4 0-1

[Event "*** Titled Tuesday Blitz"]
[Site "Chess.com"]
[Date "2019.05.07"]
[Round "10"]
[White "Arystanner"]
[Black "RzayevB"]
[Result "1/2-1/2"]
[WhiteElo "2761"]
[BlackElo "2715"]
[TimeControl "180+2"]
[EndTime "15:28:09 PDT"]
[Termination "Game drawn by agreement"]

1. e4 e5 2. Nf3 Nc6 3. Bb5 a6 4. Ba4 Nge7 5. c3 g6 6. d4 exd4 7. cxd4 b5 8. Bb3 Bg7 9. d5 Na5 10. Bd2 Nxb3 11. Qxb3 d6 12. Bc3 f6 13. O-O O-O 14.
Nbd2 Kh8 15. Ba5 Qd7 16. Nd4 c5 17. Ne6 Rf7 18. Nxg7 Kxg7 19. a3 Ng8 20. Qg3 f5 21.
Bc3+ Kf8 22. e5 dxe5 23. Bxe5 Qxd5 24. Nf3 Bb7 25. Rad1 Qc6 26. Rd6 Qe4 27. Ng5 f4 28. Nxe4 fxg3 29. Nxg3 Re8 30. Bc3 Nh6 31. h3 Nf5 32.
Nxf5 Rxf5 33. Rb6 Rf7 34. Rd1 Rfe7 35. Kh2 Kf7 36. Rdd6 Rc7 37. Rf6+ Kg8 38. Rf4 Rf8 39. Rxf8+ Kxf8 40. Be5 Rd7 41. Bd6+ Kf7 42. Bxc5 Rc7 43. b4 Rd7 44. g4 Bc8 45. Kg3 Rd3+ 46. Kf4 Rxa3 47. f3 h6 48. h4 Be6 49. Ke5 Bc4 50.
Rb7+ Ke8 51. f4 Ra2 52. f5 gxf5 53. Kxf5 Rh2 54. g5 Rxh4 55. g6 Bd3+ 56. Kf6 Rf4+ 57. Ke6 Bc4+ 58. Ke5 Rg4 59. Rb8+ Kd7 60. Kf6 Rf4+ 61.
Ke5 Rg4 62. g7 h5 63. Kf6 h4 64. Rb7+ Kc6 65. Rb6+ Kc7 66. Rxa6 h3 67. Bd6+ Kb7 68. Ra1 Rg2 69. Rc1 Rf2+ 70. Ke7 Rg2 71. Kf6 h2 72. Bxh2 Rf2+ 73. Ke7 Re2+ 74. Kd6 Rxh2 75.
Rxc4 Rd2+ 76. Kc5 Rg2 77. Kxb5 Rxg7 78. Rc5 Rg6 79. Rh5 Rb6+ 80. Ka4 Ra6+ 81. Kb3 Rg6 82. b5 Kb6 83. Kb4 Rg4+ 84. Kb3 Rg3+ 85. Kb4 Rg4+ 86. Kb3 1/2-1/2

[Event "*** Titled Tuesday Blitz"]
[Site "Chess.com"]
[Date "2019.05.07"]
[Round "10"]
[White "RegZryt"]
[Black "Tash_Boy"]
[Result "1/2-1/2"]
[WhiteElo "2546"]
[BlackElo "2644"]
[TimeControl "180+2"]
[EndTime "15:28:39 PDT"]
[Termination "Game drawn by repetition"]

1. d4 Nf6 2. c4 g6 3. Nc3 Bg7 4. e4 d6 5. Be2 O-O 6. Be3 c6 7. h4 h5 8. Qd2 a6 9. Bh6 b5 10.
Bxg7 Kxg7 11. cxb5 axb5 12. f3 b4 13. Nd1 Ba6 14.
Nh3 Qb6 15. Bxa6 Nxa6 16. Ne3 Nc7 17. O-O Ne6 18. Rfd1 Ra7 19. Ng5 Nxg5 20. hxg5 Nd7 21. Nc2 Rb8 22. b3 d5 23. e5 Nf8 24. f4 Ne6 25.
Rf1 Kh7 26. f5 Ng7 27. Ne3 e6 28. fxg6+ fxg6 29. Rf6 Rba8 30. Raf1 Rxa2 31. Qd3 Nf5 32. Nxf5 exf5 33. R1xf5 Qa6 34. Qf3 Ra1+ 35. Kh2 Qc8 36. e6 Qb8+ 37. Rf4 R8a7 38. Rf8 Qd6 39. Rf7+ Rxf7 40.
exf7 Qf8 41. Qe3 Ra7 42. Qe6 Re7 43. Qxc6 Rxf7 44. Rf6 Rxf6 45. gxf6 Qf7 46. Qd6 g5 47. Qxb4 Qxf6 48. Qb7+ Kg6 49. Qxd5 Qf4+ 50. Kg1 Qc1+ 51.
Kf2 Qd2+ 52. Kf3 g4+ 53. Kg3 Qe1+ 54. Kf4 Qc1+ 55. Ke5 Qg5+ 56. Kd6 Qd8+ 57. Kc5 Qa5+ 58. Kc4 Qa6+ 59. Kc3 Qa1+ 60. Kb4 Qe1+ 61. Kb5 h4 62. b4 h3 63. gxh3 gxh3 64. Qd6+ Kg5 65. Qd8+ Kg4 66. Qg8+ Kf3 67. Qf7+ Kg2 68. Qg6+ Qg3 69.
Qc2+ Kg1 70. d5 h2 71. Qd1+ Kg2 72. Qe2+ Qf2 73. Qg4+ Kf1 74. Qd1+ Qe1 75. Qf3+ Kg1 76. Qg4+ Kf1 77. Qh3+ Kg1 78. Qg4+ Kf1 79. Qh3+ Kg1 80. Qg4+ Kf1 81. Qh3+ Kg1 82. Qg4+ Kf1 83. Qh3+ Kg1 84. Qg4+ 1/2-1/2

[Event "*** Titled Tuesday Blitz"]
[Site "Chess.com"]
[Date "2019.05.07"]
[Round "10"]
[White "Alexander_Moskalenko"]
[Black "Sebastian"]
[Result "1-0"]
[WhiteElo "2882"]
[BlackElo "2899"]
[TimeControl "180+2"]
[EndTime "15:29:51 PDT"]
[Termination "Alexander_Moskalenko won by resignation"]

1. Nf3 c5 2. c4 Nc6 3. b3 e5 4. Bb2 d6 5. e3 g6 6. d4 exd4 7.
exd4 Bg7 8. Be2 Nge7 9. Qd2 O-O 10. d5 Bxb2 11. Qxb2 Nb8 12. h3 Nd7 13. O-O Nf5 14. Bd3 Nh4 15. Nbd2 Nxf3+ 16. Nxf3 Qf6 17. Qd2 Ne5 18. Nxe5 Qxe5 19. Rae1 Qf6 20. Re3 Bd7 21. Rfe1 Rfe8 22. Qa5 Rxe3 23. Rxe3 Qd8 24. Qc3 Qg5 25.
Qe1 Kf8 26. Qc3 Kg8 27. Qe1 Qf6 28. Re7 Bc8 29. Re8+ Kg7 30. a4 b6 31. a5 bxa5 32. Qxa5 Rb8 33. Bf1 h5 34. Qc7 Rxb3 35. Qxc8 Rb2 36.
Re2 Rxe2 37. Bxe2 a5 38. Qa6 Qa1+ 39. Bf1 a4 40. Qxd6 a3 41. Qa6 a2 42. d6 Kf6 43.
d7+ Ke7 44. Qc8 Qxf1+ 45. Kxf1 a1=Q+ 46. Ke2 Qb2+ 47. Ke1 Qc1+ 48. Ke2 Qxc4+ 49. Ke1 Qe4+ 50. Kf1 Qb1+ 51. Ke2 Qc2+ 52. Ke1 Qc3+ 53. Ke2 Qc4+ 54. Ke1 Qe6+ 55. Kf1 Qxd7 56. Qxc5+ Ke6 57. Qe3+ Kf6 58. Qc3+ Kf5 59. Qf3+ Ke5 60. Kg1 Qd5 61. Qc3+ Kf5 62. h4 f6 63. Qh3+ Ke5 64. Qg3+ Kf5 65. Qh3+ Ke5 66.
Qc8 Qd4 67. Qe8+ Kf5 68. Qb5+ Qe5 69. Qd7+ Qe6 70. Qd3+ Qe4 71. Qh3+ Ke5 72. Qg3+ Ke6 73. Qb3+ Ke7 74. g3 Kf8 75. Qb8+ Kg7 76. Qc7+ Kh6 77.
Qd8 Kg7 78. Qd7+ Kf8 79. Qa7 Qe5 80. Qh7 Qe1+ 81. Kg2 Qe4+ 82. Kh2 Qf5 83. Qa7 Qe6 84. Kg2 Qd5+ 85. Kf1 Qe4 86. Qc7 Qh1+ 87. Ke2 Qd5 88. Ke3 Qe6+ 89. Kd4 Qf5 90. Qd8+ Kf7 91. Qc7+ Ke8 92.
Qb8+ Kd7 93. Qb7+ Ke8 94. Qe4+ Qxe4+ 95. Kxe4 Kd7 96. Kd5 Ke7 97. f3 Kd7 98. g4 Ke7 99.
gxh5 gxh5 100. Ke4 Ke6 101. Kf4 f5 102. Kg5 Ke5 103. Kxh5 Kf6 104. f4 1-0